 Dungeon Sprint DCSS version 0.27-a0-463-gec7707c53d (webtiles) character file.

Game seed: 13575027999145511955

319 rocky1 the Poker (level 6, -5/41 HPs)
             Began as a Merfolk Ice Elementalist on Mar 1, 2021.
             Was an Elder of Cheibriados.
             Slain by a two-headed ogre
             ... wielding a +0 giant club
              (15 damage)
             ... in the Dungeon (Sprint VII: "The Pits").
             The game lasted 00:05:23 (603 turns).

rocky1 the Poker (Merfolk Ice Elementalist)          Turns: 603, Time: 00:05:23

Health: -5/41      AC:  2    Str: 18    XL:     6   Next: 45%
Magic:  7/13       EV: 20    Int: 27    God:    Cheibriados [****..]
Gold:   0          SH:  0    Dex: 24    Spells: 8/15 levels left

rFire    . . .     SeeInvis .   m - +2 trident (vorpal)
rCold    . . .     Faith    .   (no shield)
rNeg     . . .     Spirit   .   a - +0 robe
rPois    .         Reflect  .   (no helmet)
rElec    .         Harm     .   (no cloak)
rCorr    .         Rampage  .   (no gloves)
Will     .....     NoTele   +   (no boots)
Stlth    ++++......             (no amulet)
HPRegen  0.13/turn              (no ring)
MPRegen  0.13/turn              (no ring)

@: frozen ramparts, very slow
A: change form in water, swift swim, stealthy swim
a: Renounce Religion, Bend Time, Temporal Distortion, Slouch


You were in the Dungeon.
You worshipped Cheibriados.
Cheibriados was greatly pleased with you.
You visited 1 branch

Inventory:

Hand Weapons
 m - a +2 vorpal trident (weapon)
 n - a +0 quarterstaff of protection
Armour
 a - a +0 robe (worn)
Scrolls
 h - a scroll of blinking
 j - 5 scrolls of amnesia
 k - a scroll of summoning
Potions
 c - 6 potions of curing
 d - 5 potions of heal wounds
 f - 4 potions of magic
 i - 2 potions of invisibility


   Skills:
 + Level 7.6 Polearms
 + Level 7.3 Dodging
 + Level 6.7 Stealth
 + Level 5.2 Spellcasting
 + Level 7.6 Ice Magic
 + Level 5.5 Invocations


You had 8 spell levels left.
You knew the following spells:

 Your Spells              Type           Power        Failure   Level
a - Freeze                Ice            100%         1%          1
b - Frozen Ramparts       Ice            96%          1%          3
c - Ozocubu's Armour      Ice            48%          1%          3

Your spell library contained the following spells:

 Spells                   Type           Power        Failure   Level
 Hailstorm                Conj/Ice       27%          14%         4
 Summon Ice Beast         Ice/Summ       27%          14%         4


Dungeon Overview and Level Annotations

Branches:
Dungeon (1/1)

Altars:
Ashenzari
Cheibriados
Dithmenos
Elyvilon
Fedhas
Gozag
Hepliaklqana
Kikubaaqudgha
Makhleb
Nemelex Xobeh
Okawaru
Qazlal
Ru
Sif Muna
Trog
Uskayaw
Vehumet
Wu Jian
Xom
Yredelemnul
Zin
The Shining One
Beogh
Jiyva
Lugonu


Message History

Press: ? - help, Dir - look around, f - activate The walls around you are covered in ice.
The wall freezes the two-headed ogre.
The two-headed ogre misses you. The two-headed ogre barely misses you.
Unknown command.
Casting: Frozen Ramparts (safe; 1% risk of failure)
Confirm with . or Enter, or press ? or * to list all spells.
Aiming: Freeze (safe; 1% risk of failure)
Press: ? - help, Shift-Dir - straight line, f - two-headed ogre
Aim: a two-headed ogre, wielding a +0 giant club and a +0 giant spiked club (lightly wounded)
You freeze the two-headed ogre.
The two-headed ogre is lightly wounded.
The wall freezes the two-headed ogre.
The two-headed ogre barely misses you. x2
Casting: Freeze (safe; 1% risk of failure)
Confirm with . or Enter, or press ? or * to list all spells.
Aiming: Freeze (safe; 1% risk of failure)
Press: ? - help, Shift-Dir - straight line, f/p - two-headed ogre
Aim: a two-headed ogre, wielding a +0 giant club and a +0 giant spiked club (moderately wounded)
You freeze the two-headed ogre!
The two-headed ogre is moderately wounded.
Unknown command.
Casting: Freeze (safe; 1% risk of failure)
Confirm with . or Enter, or press ? or * to list all spells.
Aiming: Freeze (safe; 1% risk of failure)
Press: ? - help, Shift-Dir - straight line, f/p - two-headed ogre
Aim: a two-headed ogre, wielding a +0 giant club and a +0 giant spiked club (moderately wounded)
You freeze the two-headed ogre.
The two-headed ogre is moderately wounded.
The wall freezes the two-headed ogre.
The two-headed ogre hits you with a +0 giant club!
The two-headed ogre hits you with a +0 giant spiked club!!
Ouch! That really hurt!
* * * LOW HITPOINT WARNING * * *
Unknown command.
You feel much better.
The wall freezes the two-headed ogre!
The two-headed ogre hits you with a +0 giant club!!
Ouch! That really hurt!
* * * LOW HITPOINT WARNING * * *
The two-headed ogre hits you with a +0 giant spiked club!
You die...

#)#........##.......#
#†###########.......#
#..#.#.## #########
#.......# ##.#.#.##
#.......#+#
##.#.#.##.+
#.......#O#
##.#.#..)@#
##########


You could see a two-headed ogre.

Vanquished Creatures
  A floating eye (D)
  2 kobold brigands (D)
  A crimson imp (D)
  A jelly (D)
  A river rat (D)
  2 oozes (D)
  An orc (D)
  A hobgoblin (D)
  A bat (D)
  2 jackal skeletons (D)
  3 rats (D)
16 creatures vanquished.

Notes
Turn   | Place    | Note
-------+----------+-------------------------------------------
     0 | D        | rocky1 the Merfolk Ice Elementalist began the quest for the
                  | Orb.
     0 | D        | Reached XP level 1. HP: 13/13 MP: 3/3
    18 | D        | Found a bloodstained altar of Trog.
    18 | D        | Found a shimmering blue altar of Sif Muna.
    18 | D        | Found a viscous altar of Jiyva.
    18 | D        | Found a hazy altar of Hepliaklqana.
    18 | D        | Found an opulent altar of Gozag.
    19 | D        | Found a glowing golden altar of the Shining One.
    19 | D        | Found a glowing silver altar of Zin.
    19 | D        | Found a basalt altar of Yredelemnul.
    19 | D        | Found a shimmering altar of Xom.
    19 | D        | Found an ornate altar of the Wu Jian Council.
    19 | D        | Found a sacrificial altar of Ru.
    19 | D        | Found a stormy altar of Qazlal.
    19 | D        | Found an iron altar of Okawaru.
    19 | D        | Found a sparkling altar of Nemelex Xobeh.
    19 | D        | Found a burning altar of Makhleb.
    19 | D        | Found a blossoming altar of Fedhas.
    19 | D        | Found a white marble altar of Elyvilon.
    19 | D        | Found a shadowy altar of Dithmenos.
    19 | D        | Found a snail-covered altar of Cheibriados.
    21 | D        | Found a radiant altar of Vehumet.
    21 | D        | Found a corrupted altar of Lugonu.
    21 | D        | Found a roughly hewn altar of Beogh.
    22 | D        | Found a hide-covered altar of Uskayaw.
    22 | D        | Found an ancient bone altar of Kikubaaqudgha.
    22 | D        | Found a broken altar of Ashenzari.
    42 | D        | Became a worshipper of Cheibriados the Contemplative
    98 | D        | Reached skill level 1 in Polearms
   164 | D        | Reached * piety under Cheibriados
   165 | D        | Reached skill level 1 in Invocations
   165 | D        | Reached XP level 2. HP: 14/19 MP: 5/5
   168 | D        | Reached skill level 5 in Ice Magic
   244 | D        | Reached ** piety under Cheibriados
   249 | D        | Reached XP level 3. HP: 8/24 MP: 0/7
   457 | D        | Learned a level 3 spell: Frozen Ramparts
   461 | D        | Learned a level 3 spell: Ozocubu's Armour
   464 | D        | Noticed a kobold brigand
   464 | D        | Noticed a kobold brigand
   464 | D        | Noticed a floating eye
   467 | D        | Paralysed by a floating eye for 3 turns
   474 | D        | Paralysed by a floating eye for 4 turns
   474 | D        | Killed a kobold brigand
   474 | D        | Reached *** piety under Cheibriados
   475 | D        | Reached skill level 5 in Polearms
   475 | D        | Reached skill level 5 in Dodging
   475 | D        | Reached skill level 5 in Stealth
   475 | D        | Reached XP level 4. HP: 25/30 MP: 1/9
   475 | D        | Reached XP level 5. HP: 29/35 MP: 1/10
   475 | D        | Killed a floating eye
   477 | D        | Killed a kobold brigand
   478 | D        | Reached skill level 5 in Spellcasting
   478 | D        | Reached skill level 5 in Invocations
   478 | D        | Reached XP level 6. HP: 33/41 MP: 1/13
   506 | D        | Reached **** piety under Cheibriados
   598 | D        | Noticed a two-headed ogre
   603 | D        | Slain by a two-headed ogre

Illustrated notes

Levels and vault maps discovered:
D:        pitsprint [storerooms_1, entrance_room_1, metal_vault_2, armoury_3,
          mini_pit_1, grid_room_1, main_hall_1, silver_pit, the_coven_3,
          the_vestibule_1, steel_vault_4, golden_pit, hallway_of_sentries,
          crystal_vault_1, iron_vault_4, final_vault]

Skill      XL: |  1  2  3  4  5 |
---------------+----------------+-----
Polearms       | 1 3 5 7 |  7.6
Dodging        | 3 4 5 7 |  7.3
Invocations    | 1 2 3 5 |  5.5
Ice Magic      | 5 6 7 |  7.6
Stealth        | 3 5 6 |  6.7
Spellcasting   | 3 5 |  5.2

Action                   |  1- 3 |  4- 6 || total
-------------------------+-------+-------++-------
Melee: Trident           |    12 |     6 ||    18
 Cast: Freeze            |     9 |     4 ||    13
       Frozen Ramparts   |     1 |     1 ||     2
  Use: Potion            |       |     1 ||     1
 Stab: Sleeping          |     2 |       ||     2
Armor: Robe              |     2 |       ||     2
Dodge: Dodged            |     8 |     8 ||    16

Table legend: (Time is in decaauts)
 A = Elapsed time spent in this place.
 B = Non-inter-level travel time spent in this place.
 C = Inter-level travel time spent in this place.
 D = Time resting spent in this place.
 E = Time spent auto-exploring this place.
 F = Levels seen in this place.
 G = Mean time per level.
                   A        B        C        D        E       F      G
               +--------+--------+--------+--------+--------+-----+--------+
         Total |    666 |    666 |      0 |    361 |      0 |   1 |  666.0 |
       Dungeon |    666 |    666 |      0 |    361 |      0 |   1 |  666.0 |
               +--------+--------+--------+--------+--------+-----+--------+

Top non-repeatable levels by time:
       D: 666 daAuts
